 Dungeon Crawl Stone Soup version 0.25-a0-87-ga3d287bc14 (webtiles) character file.

Game seed: 13690418305228577196, levelgen mode: deterministic

60170 MrRokkomies the Brawler (level 14, -11/135 HPs)
             Began as a Ghoul Monk on Nov 10, 2019.
             Was the Champion of Wu Jian.
             Mangled by a sun demon (17 damage)
             ... summoned by an orc high priest
             ... on level 2 of the Orcish Mines.
             The game lasted 00:57:13 (18425 turns).

MrRokkomies the Brawler (Ghoul Monk)               Turns: 18425, Time: 00:57:14

Health: -11/135    AC: 24    Str: 19    XL:     14   Next: 98%
Magic:  19/19      EV:  7    Int:  5    God:    Wu Jian [******]
Gold:   1885       SH:  0    Dex: 12    Spells: 9/13 levels left

rFire    . . .     SeeInvis .     - Unarmed
rCold    + + .     Gourm    .   (no shield)
rNeg     + + +     Faith    .   s - +0 plate armour
rPois    ∞         Spirit   .   K - +0 helmet
rElec    .         Reflect  .   j - +1 cloak
rCorr    .         Harm     .   (no gloves)
MR       +....                  (no boots)
Stlth    ..........             O - amulet of regeneration
HPRegen  0.00/turn              x - ring of protection from cold
MPRegen  0.16/turn              A - +6 ring of protection

@: rotting
A: rotting body, claws 1, carnivore, cold resistance 1, negative energy
resistance 3, inhibited regeneration, torment resistance, unbreathing
a: Wall Jump, Serpent's Lash, Heavenly Storm, Renounce Religion


You were on level 2 of the Orcish Mines.
You worshipped Wu Jian.
Wu Jian was exalted by your worship.
You were not hungry.

You visited 4 branches of the dungeon, and saw 20 of its levels.
You also visited: Sewer.

You collected 2155 gold pieces.
You spent 270 gold pieces at shops.

Inventory:

Hand Weapons
 b - a +1 hunting sling of velocity
 S - a +0 arbalest
Missiles
 d - 408 stones (quivered)
 i - 14 curare-tipped darts
 p - 94 sling bullets
 r - 5 throwing nets
 J - 115 bolts
Armour
 j - a +1 cloak (worn)
 s - a +0 plate armour (worn)
 K - a +0 helmet (worn)
Jewellery
 a - a +4 ring of protection
 t - an uncursed ring of resist corrosion
 u - an uncursed ring of flight
 x - a ring of protection from cold (left claw)
 A - a +6 ring of protection (right claw)
 G - an uncursed ring of ice
 I - an uncursed ring of protection from cold
 O - an amulet of regeneration (around neck)
 V - an uncursed ring of protection from magic
Wands
 y - a wand of paralysis (1)
 C - a wand of acid (12)
 E - a wand of digging (5)
 H - a wand of enslavement (3)
 P - a wand of polymorph (6)
Scrolls
 c - 3 scrolls of fog
 f - 5 scrolls of teleportation
 h - 8 scrolls of remove curse
 z - 3 scrolls of immolation
 B - 2 scrolls of enchant armour
 D - a scroll of magic mapping
 M - a scroll of fear
Potions
 k - 8 potions of heal wounds
 l - 2 potions of agility
 m - 9 potions of curing
 n - 2 potions of brilliance
 o - a potion of magic
 q - 3 potions of flight
 v - a potion of invisibility
 w - a potion of ambrosia
 L - a potion of resistance {unknown}
 Q - 2 potions of haste {unknown}
Miscellaneous
 R - a box of beasts
Comestibles
 e - 36 rations
 g - 2 chunks of flesh


   Skills:
 - Level 15.0 Fighting
 * Level 9.3 Armour
 - Level 2.6 Dodging
 - Level 2.1 Stealth
 * Level 17.7 Unarmed Combat
 + Level 8.9 Evocations


You had 9 spell levels left.
You knew the following spells:

 Your Spells              Type           Power        Failure   Level  Hunger
a - Blink                 Tloc           N/A          100%        2    ###....
b - Passwall              Tmut/Erth      #.......     100%        2    ###....

Your spell library contained the following spells:

 Spells                   Type           Power        Failure   Level  Hunger
 Magic Dart               Conj           #...         100%        1    ##.....
 Sandblast                Erth           #.....       100%        1    ##.....
 Shock                    Conj/Air       #...         100%        1    ##.....
 Call Imp                 Summ           #.......     100%        2    ###....
 Shroud of Golubria       Chrm/Tloc      #.....       100%        2    ###....
 Slow                     Hex            #.......     100%        2    ###....
 Swiftness                Chrm/Air       #.......     100%        2    ###....
 Conjure Flame            Conj/Fire      #.......     100%        3    ####...
 Mephitic Cloud           Conj/Pois/Air  #.......     100%        3    ####...
 Ozocubu's Armour         Chrm/Ice       #.......     100%        3    ####...
 Static Discharge         Conj/Air       #.......     100%        3    ####...
 Stone Arrow              Conj/Erth      #.....       100%        3    ####...
 Airstrike                Air            #.........   100%        4    #####..
 Petrify                  Tmut/Erth      #.......     100%        4    #####..
 Lee's Rapid Deconstruct  Erth           #.........   100%        5    ######.
 Lightning Bolt           Conj/Air       #.........   100%        5    ######.
 Shadow Creatures         Summ           N/A          100%        6    #######


Dungeon Overview and Level Annotations

Branches:
Dungeon (11/15)            Temple (1/1) D:4            Lair (6/6) D:11
  Swamp (0/4) Lair:4        Snake (0/4) Lair:2        Slime (0/5) Lair:6
    Orc (2/2) D:9             Elf (0/3) Orc:2         Sewer (visited)

Altars:
Ashenzari
Cheibriados
Dithmenos
Elyvilon
Fedhas
Gozag
Hepliaklqana
Kikubaaqudgha
Makhleb
Nemelex Xobeh
Okawaru
Qazlal
Ru
Sif Muna
Trog
Uskayaw
Vehumet
Wu Jian
Xom
Yredelemnul
Zin
The Shining One
Beogh
Jiyva

Shops:
D:10 *   Orc:2 !?!

Portals:
Hell: Lair:6

Annotations:
Lair:6 2 transporters, nubinia's ghost, journeyman GnCj
Orc:2 1 exclusion


Innate Abilities, Weirdness & Mutations

Your body is rotting away.
You thrive on raw meat.
You are immune to poison.
You have sharp fingernails.
You are carnivorous and can eat meat at any time.
Your flesh is cold resistant. (rC+)
You are immune to negative energy. (rN+++)
You do not regenerate when monsters are visible.
You are immune to unholy pain and torment.
You can survive without breathing.


Message History

As you read the scroll of fear, it crumbles to dust.
You assume a fearsome visage.
The orange demon is unaffected.
The soul eater is unaffected.
The neqoxec is unaffected.
The sixfirhy is unaffected.
The red devil is unaffected.
The sun demon is unaffected.
The orc high priest looks frightened!
The infernal demonspawn looks frightened!
The orc high priest looks frightened! x2
The orc high priest resists with some effort.
The sixfirhy hits you but does no damage. x3
The neqoxec gestures at you.
Something tries to feed on your intellect!
The orc high priest prays to Beogh.
The orc high priest is healed somewhat.
The sixfirhy hits you.
* * * LOW HITPOINT WARNING * * *
The sixfirhy shocks you!
* * * LOW HITPOINT WARNING * * *
The sun demon hits you.
* * * LOW HITPOINT WARNING * * *
You are engulfed in flames!
You die...

..[)###.#.## .##)#.###....
...###..)## .# #..##.o.###...
....###.#)## .# #..##.#.###....
.....###...##..###..##...###.....
≈≈....###...##..#3.##...###......
#≈.....###...##o..##...###.......
#≈......###..)#.#4#...###........
#≈...3...###.)3oo3...###.......#.
#≈........###.#o@6#.###..........
#≈.........###.3...# ##..........
#≈..........###...####...........
'...........####.## #............
'.............#### #............
#≈............# ##.....##....
#≈............# #....###....
#≈............## ##....#.....
#≈.............# ##..#......


You could see a soul eater, 4 orc high priests, a sun demon, an infernal
demonspawn (fleeing), an orange demon, a sixfirhy and a neqoxec.

Vanquished Creatures
  Gastronok (Orc:1)
  A dire elephant (Lair:6)
  Josephine (Orc:1)
  An ice dragon (Lair:6)
  5 hydras
  Fannar (D:11)
  A two-headed ogre (D:11)
  3 orc high priests (Orc:2)
  Urug (Orc:2)
  Sonja (D:10)
  A sun demon (Lair:6)
  A wizard (Lair:6)
  4 orc knights (Orc:2)
  5 oklob plants
  2 cyclopes
  An orc sorcerer (Orc:2)
  Maurice (D:8)
  13 elephants
  2 rust devils (Orc:2)
  Joseph (D:9)
  An orange demon (Lair:6)
  4 black mambas
  10 spiny frogs
  2 torpor snails
  An ice statue (Lair:6)
  A smoke demon (Lair:6)
  4 rime drakes (Lair:6)
  5 komodo dragons
  A queen bee (Lair:2)
  4 ice devils (Lair:6)
  A red devil (Lair:6)
  A tyrant leech (Lair:4)
  2 trolls
  4 polar bears
  14 blink frogs
  A hornet (D:11)
  5 hippogriffs
  2 shadows
  A wyvern (Lair:5)
  A vampire mosquito (Lair:2)
  3 wraiths
  22 yaks
  2 hungry ghosts
  A basilisk (Lair:2)
  7 wargs (Orc:2)
  A chaos spawn (Orc:2)
  Menkaure (D:4)
  4 swamp worms (Lair:4)
  2 insubstantial wisps (Lair:2)
  15 water moccasins
  2 nagas (Lair:2)
  3 hell hounds (Lair:6)
  7 porcupines
  30 orc warriors
  8 ice beasts
  A sky beast (D:6)
  13 ogres
  A phantom (D:11)
  2 necrophages
  2 black bears
  6 centaurs
  6 wolves (Lair:6)
  16 crocodiles
  2 big kobolds
  16 bullfrogs
  A gnoll sergeant (D:9)
  5 scorpions
  24 killer bees
  6 electric eels (D:9)
  6 wights (D:6)
  4 howler monkeys
  3 crimson imps
  3 centaur zombies
  A bullfrog zombie (D:11)
  5 hounds
  2 bullfrog skeletons
  Crazy Yiuf (D:6)
  21 orc priests
  3 jellies
  9 orc wizards
  3 centaur skeletons
  5 iguanas
  10 worker ants
  A hound zombie (D:8)
  A hound skeleton (D:4)
  A worker ant zombie (D:7)
  7 gnolls
  17 adders
  2 river rats (Sewer)
  7 shadow imps
  5 white imps (Lair:6)
  An ooze (D:3)
  An adder skeleton (D:7)
  3 worms (D:2)
  3 dart slugs
  7 leopard geckos
  82 orcs
  2 ball pythons
  4 giant cockroaches
  5 hobgoblins
  34 jackals
  6 quokkas
  8 bats
  4 frilled lizards
  8 goblins
  16 kobolds
  A quokka skeleton (D:8)
  9 rats
  2 butterflies (Lair:5)
  4 plants
638 creatures vanquished.

Vanquished Creatures (collateral kills)
  A hydra (D:11)
  An orc sorcerer (Orc:2)
  A chaos spawn (Orc:2)
  2 orc warriors (Orc:2)
  An orc priest (Orc:2)
  A bullfrog skeleton (D:11)
7 creatures vanquished.

Vanquished Creatures (others)
  An orc wizard (D:8)
  9 fungi
  10 plants
20 creatures vanquished.

Grand Total: 665 creatures vanquished

Notes
Turn   | Place    | Note
-------+----------+-------------------------------------------
     0 | D:1      | MrRokkomies the Ghoul Monk began the quest for the Orb.
     0 | D:1      | Reached XP level 1. HP: 19/19 MP: 0/0
   170 | D:1      | Reached XP level 2. HP: 7/25 MP: 1/1
  1150 | D:1      | Reached XP level 3. HP: 29/33 MP: 2/2
  1273 | D:1      | Reached skill level 4 in Unarmed Combat
  1617 | D:2      | Found a shadowy altar of Dithmenos.
  2165 | D:2      | Reached XP level 4. HP: 27/41 MP: 3/3
  2358 | D:3      | Found a shimmering blue altar of Sif Muna.
  2359 | D:3      | Found a radiant altar of Vehumet.
  2752 | D:3      | Reached XP level 5. HP: 33/47 MP: 4/4
  2993 | D:4      | Found a glowing golden altar of the Shining One.
  3015 | D:4      | Found a staircase to the Ecumenical Temple.
  3024 | Temple   | Entered the Ecumenical Temple
  3113 | Temple   | Became a worshipper of the Wu Jian Council
  3113 | Temple   | Reached * piety under Wu Jian
  3113 | Temple   | Reached ** piety under Wu Jian
  3326 | D:4      | Found a glowing drain.
  3330 | Sewer    | Entered a sewer
  3339 | Sewer    | Reached skill level 5 in Fighting
  3339 | Sewer    | Reached skill level 5 in Unarmed Combat
  3406 | Sewer    | Noticed a big kobold
  3421 | Sewer    | Killed a big kobold
  3456 | Sewer    | Found a white marble altar of Elyvilon.
  3598 | D:4      | Reached XP level 6. HP: 55/56 MP: 5/5
  4053 | D:4      | You fall into a shaft and drop 3 floors!
  4054 | D:7      | Noticed a hippogriff
  4054 | D:7      | Noticed an orc warrior
  4132 | D:6      | Reached skill level 6 in Unarmed Combat
  4194 | D:5      | Entered Level 5 of the Dungeon
  4215 | D:5      | Reached XP level 7. HP: 57/64 MP: 6/6
  4471 | D:5      | Noticed Menkaure
  4489 | D:4      | Killed Menkaure
  4489 | D:4      | Reached skill level 7 in Unarmed Combat
  4516 | D:5      | Reached *** piety under Wu Jian
  4598 | D:5      | Reached XP level 8. HP: 57/74 MP: 7/7
  4693 | D:5      | Reached skill level 8 in Unarmed Combat
  5325 | D:6      | Reached skill level 9 in Unarmed Combat
  5391 | D:6      | Reached XP level 9. HP: 67/83 MP: 8/8
  5610 | D:6      | Found a runed translucent door.
  5611 | D:6      | Noticed Crazy Yiuf
  5616 | D:6      | Killed Crazy Yiuf
  5751 | D:6      | Reached skill level 10 in Fighting
  5751 | D:6      | Reached skill level 10 in Unarmed Combat
  6041 | D:7      | Reached **** piety under Wu Jian
  6207 | D:7      | Found a glowing silver altar of Zin.
  6482 | D:8      | Noticed Maurice
  6485 | D:8      | Paralysed by Maurice for 2 turns
  6494 | D:8      | Killed Maurice
  6494 | D:8      | Reached skill level 11 in Unarmed Combat
  6494 | D:8      | Reached XP level 10. HP: 73/96 MP: 9/9
  6672 | D:8      | Found a hide-covered altar of Uskayaw.
  7046 | D:9      | Reached ***** piety under Wu Jian
  7084 | D:9      | Found a staircase to the Orcish Mines.
  7113 | D:9      | Reached skill level 12 in Unarmed Combat
  7120 | D:9      | Reached skill level 1 in Evocations
  8161 | D:9      | Noticed Joseph
  8177 | D:9      | Killed Joseph
  8177 | D:9      | Reached XP level 11. HP: 90/105 MP: 11/11
  8331 | D:9      | Noticed a cyclops
  8353 | D:9      | Killed a cyclops
  8820 | D:10     | Entered Level 10 of the Dungeon
  9037 | D:10     | Noticed Sonja
  9046 | D:10     | Killed Sonja
  9046 | D:10     | Reached skill level 13 in Unarmed Combat
  9106 | D:10     | Found Junlo's General Store.
  9458 | D:11     | Noticed a cyclops
  9485 | D:11     | Killed a cyclops
  9528 | D:11     | Noticed a two-headed ogre
  9531 | D:11     | Noticed a five-headed hydra
  9550 | D:11     | Killed a five-headed hydra
  9575 | D:11     | Killed a two-headed ogre
  9637 | D:11     | Noticed Fannar
  9644 | D:11     | Killed Fannar
  9644 | D:11     | Reached XP level 12. HP: 109/116 MP: 14/14
  9805 | D:11     | Reached skill level 14 in Unarmed Combat
  9976 | D:11     | Found a staircase to the Lair.
 10062 | Lair:1   | Entered Level 1 of the Lair of Beasts
 10166 | Lair:1   | Reached skill level 5 in Evocations
 11071 | Lair:2   | Found a staircase to the Snake Pit.
 11420 | Lair:2   | Reached skill level 15 in Unarmed Combat
 11533 | Lair:2   | Reached skill level 15 in Fighting
 11537 | Lair:2   | Reached ****** piety under Wu Jian
 11555 | Lair:2   | Reached skill level 1 in Armour
 11965 | Lair:3   | Noticed a six-headed hydra
 11970 | Lair:3   | Reached XP level 13. HP: 111/126 MP: 16/16
 12054 | Lair:3   | Found a frozen archway.
 13562 | Lair:4   | Found a staircase to the Swamp.
 13655 | Lair:5   | Reached skill level 5 in Armour
 13663 | Lair:5   | Reached skill level 16 in Unarmed Combat
 15069 | Lair:6   | Entered Level 6 of the Lair of Beasts
 15385 | Lair:6   | Reached XP level 14. HP: 90/135 MP: 18/18
 15467 | Lair:6   | Found a viscous altar of Jiyva.
 15467 | Lair:6   | Found a staircase to the Slime Pits.
 15478 | Lair:6   | Noticed a dire elephant
 15494 | Lair:6   | Killed a dire elephant
 15620 | Lair:6   | Found a transporter.
 15620 | Lair:6   | Noticed nubinia's ghost (journeyman GnCj)
 15630 | Lair:6   | Identified the cursed +1 trident of Valiance {vamp,
                  | *Corrode MP+9 Dex+3}
 15637 | Lair:6   | Found a bloodstained altar of Trog.
 15644 | Lair:6   | Found a transporter.
 15966 | Lair:6   | Found a burning altar of Makhleb.
 15976 | Lair:6   | Reached skill level 17 in Unarmed Combat
 16011 | Lair:6   | Found a gateway to Hell.
 16018 | Lair:6   | Identified the Disquisition on Calling and Boosts
 16656 | D:11     | Learned a level 2 spell: Blink
 16659 | D:11     | Learned a level 2 spell: Passwall
 16725 | Orc:1    | Entered Level 1 of the Orcish Mines
 16725 | Orc:1    | Noticed Gastronok
 16725 | Orc:1    | Noticed Josephine
 16770 | Orc:1    | Killed Josephine
 16833 | Orc:1    | Killed Gastronok
 16871 | Orc:1    | Found a burning altar of Makhleb.
 17041 | Orc:2    | Entered Level 2 of the Orcish Mines
 17041 | Orc:2    | Found Ylius's Distillery.
 17047 | Orc:2    | Bought 2 potions of heal wounds for 180 gold pieces
 17047 | Orc:2    | Bought a potion of heal wounds for 90 gold pieces
 17437 | Orc:2    | Found Cozxui's Magic Scroll Emporium.
 17456 | Orc:2    | Found Plog's Distillery.
 17751 | Orc:2    | Noticed Urug
 17769 | Orc:2    | Killed Urug
 17980 | Orc:2    | Found a staircase to the Elven Halls.
 17993 | Orc:2    | Found a roughly hewn altar of Beogh.
 18410 | Orc:2    | Paralysed by an orc sorcerer for 6 turns
 18425 | Orc:2    | HP: 6/135 [sun demon[an orc high priest] (4)]
 18425 | Orc:2    | Mangled by a sun demon

Levels and vault maps discovered:
D:1:      scummos_arrival_simple_fountains, layout_basic
D:2:      layout_loops_corners, minmay_liquid_box, grunt_dithmenos_smoke
D:3:      layout_loops_ring, gammafunk_temple_overflow_pools
D:4:      layout_gridville, kennysheep_mini_moat,
          minmay_temple_entry_large_hall, first_ration, gup_sewer_entry_spiral
D:5:      layout_basic, uniq_menkaure
D:6:      layout_cave_pods, uniq_crazy_yiuf_cottage
D:7:      layout_rooms, overflow_temple_1_default
D:8:      layout_rooms, old_standard_altar, uniq_maurice
D:9:      cheibrodos_two_vegetables, layout_rooms, orc_david_3, special_room
          [special_room_orc], uniq_joseph
D:10:     layout_roguey, serial_shops, kennysheep_little_box, uniq_sonja
D:11:     layout_basic, dpeg_oklobed_lair, grunt_livestock, uniq_fannar
Temple:   minmay_crystal_spiral_temple
Lair:1:   layout_layer_cave
Lair:2:   layout_roguey, guppyfry_snake_entry_garden, special_room
          [special_room_bee], pond
Lair:3:   layout_roguey, portal_ice_cave_entry_pillars_1, lemuel_fruit_tree
Lair:4:   layout_cave_pods, palyth_hydra_swamp_entry, grunt_megastairs_3
Lair:5:   layout_concentric_octagons, lemuel_fruit_fields, grunt_megastairs_5
Lair:6:   evil_forest, layout_long_grid, slime_altar_1,
          gammafunk_ghost_wrathful_warriors, ice2_lemuel, serial_bayou_shore_b,
          minmay_lair_oklob_chamber
Orc:1:    layout_caves, serial_shops, nicolae_shop_stone, lemuel_statue_altar,
          uniq_erolcha, uniq_gastronok, uniq_josephine, uniq_harold
Orc:2:    pf_orc_diabolical, layout_diamond_mine, serial_shops, shop,
          basic_altar, nooodl_orcs_dogs, uniq_urug

Skill      XL: |  1  2  3  4  5  6  7  8  9 10 11 12 13 14 |
---------------+-------------------------------------------+-----
Fighting       | 4 5 6 7 9 11 12 13 15 | 15.0
Unarmed Combat | 4 5 6 7 9 11 12 13 15 16 17 | 17.7
Evocations     | 2 4 6 7 8 |  8.9
Armour         | 2 6 9 |  9.3
Dodging        | |  2.6
Stealth        | |  2.1

Action                   |  1- 3 |  4- 6 |  7- 9 | 10-12 | 13-15 || total
-------------------------+-------+-------+-------+-------+-------++-------
Melee: Unarmed           |   140 |   227 |   312 |   843 |   965 ||  2487
       Punch             |     1 |     1 |     6 |    36 |    54 ||    98
 Fire: Hunting sling     |    21 |       |       |       |    17 ||    38
Throw: Dart              |       |     4 |     5 |       |       ||     9
       Stone             |       |     1 |       |       |       ||     1
Invok: Whirlwind         |       |    32 |    16 |    92 |   158 ||   298
       Lunge             |       |    11 |    22 |    66 |    45 ||   144
       Serpent's Lash    |       |       |       |     2 |       ||     2
       Heavenly Storm    |       |       |       |     1 |     1 ||     2
 Abil: Wall Jump         |       |       |     1 |     2 |     4 ||     7
Evoke: Wand              |       |       |       |     7 |     8 ||    15
       Box of beasts     |       |       |       |       |     1 ||     1
       Sack of spiders   |       |       |       |       |     1 ||     1
  Use: Scroll            |     3 |     6 |     9 |     8 |     9 ||    35
       Potion            |       |       |       |     3 |     3 ||     6
 Stab: Sleeping          |     1 |       |       |       |       ||     1
       Paralysed         |       |       |       |     3 |    15 ||    18
       Invisible         |       |       |       |     2 |       ||     2
  Eat: Chunk             |     6 |    14 |    23 |    58 |   105 ||   206
       Ration            |       |       |     1 |     1 |     1 ||     3
Armor: Robe              |     7 |       |       |       |       ||     7
       Scale mail        |    35 |   102 |    49 |       |       ||   186
       Plate armour      |       |       |   124 |   508 |   588 ||  1220
Dodge: Dodged            |    89 |   122 |   110 |   203 |   247 ||   771

Table legend:
 A = Non-vault XP
 B = Vault XP
 C = Vault XP percentage of total XP
 D = Non-vault monster count
 E = Vault monster count
 F = Vault count percentage of total count
                 A         B        C        D         E       F
            +---------+---------+-------+---------+---------+-------
      Total |   44765 |   41193 |  47.9 |     424 |     216 |  33.8
            +---------+---------+-------+---------+---------+-------
        D:1 |      41 |       0 |   0.0 |      23 |       0 |   0.0
        D:2 |      41 |       0 |   0.0 |      19 |       0 |   0.0
        D:3 |      93 |       0 |   0.0 |      28 |       0 |   0.0
        D:4 |     186 |     172 |  48.0 |      12 |       4 |  25.0
        D:5 |     723 |       0 |   0.0 |      27 |       0 |   0.0
        D:6 |    1758 |      41 |   2.3 |      33 |       1 |   2.9
        D:7 |    1254 |       0 |   0.0 |      29 |       0 |   0.0
        D:8 |    1822 |     496 |  21.4 |      31 |       1 |   3.1
        D:9 |    1785 |    2225 |  55.5 |      35 |      41 |  53.9
       D:10 |    1913 |     814 |  29.8 |      32 |       1 |   3.0
       D:11 |    4919 |    2135 |  30.3 |      33 |       3 |   8.3
     Lair:1 |    4000 |       0 |   0.0 |      15 |       0 |   0.0
     Lair:2 |    5141 |    2328 |  31.2 |      19 |      25 |  56.8
     Lair:3 |    5307 |       0 |   0.0 |      23 |       0 |   0.0
     Lair:4 |    2113 |    3448 |  62.0 |       5 |      12 |  70.6
     Lair:5 |    2788 |    2448 |  46.8 |       8 |      10 |  55.6
     Lair:6 |    8013 |   13420 |  62.6 |      29 |      44 |  60.3
      Orc:1 |     180 |    3795 |  95.5 |       3 |       4 |  57.1
      Orc:2 |    2688 |    9735 |  78.4 |      20 |      61 |  75.3
      Sewer |       0 |     136 | 100.0 |       0 |       9 | 100.0
            +---------+---------+-------+---------+---------+-------
